 Dungeon Crawl Stone Soup version 0.21.1-1-g345015f (webtiles) character file.

11773 dvd the Thaumaturge (level 11, -17/42 HPs)
             Began as a Felid Ice Elementalist on July 12, 2018.
             Was a High Priest of Sif Muna.
             Hit by a large rock thrown by a cyclops (44 damage)
             ... on level 12 of the Dungeon.
             The game lasted 02:18:02 (30679 turns).

dvd the Thaumaturge (Felid Ice Elementalist)       Turns: 30679, Time: 02:18:03

Health: -17/42     AC:  3    Str:  4    XL:     11   Next: 53%
Magic:  22/36      EV: 23    Int: 20    God:    Sif Muna [*****.]
Gold:   943        SH:  0    Dex: 18    Spells: 0/32 levels left
                                        Lives:  0   Deaths: 3

rFire    . . .     SeeInvis +     - Unarmed
rCold    + . .     Gourm    .   (shield unavailable)
rNeg     . . .     Faith    +   (armour unavailable)
rPois    +         Spirit   .   (helmet unavailable)
rElec    .         Reflect  .   (cloak unavailable)
rCorr    .         Harm     .   (gloves unavailable)
MR       +....                  (boots unavailable)
Stlth    ++++......             h - amulet of faith
HPRegen  0.14/turn              j - ring of magical power
MPRegen  0.25/turn              k - ring of poison resistance

@: quick
A: very small, no armour, no weapons or thrown items, stealth, claws 1, fangs 3,
see invisible, carnivore, speed 1, shaggy fur 3, slow metabolism 1, sharp paws
a: Divine Energy, Channel Magic, Forget Spell, Renounce Religion


You were on level 12 of the Dungeon.
You worshipped Sif Muna.
Sif Muna was extremely pleased with you.
You were completely stuffed.

You visited 3 branches of the dungeon, and saw 19 of its levels.
You also visited: Sewer, Bailey and Volcano.

You collected 1163 gold pieces.
You spent 220 gold pieces at shops.

Inventory:

Jewellery
 h - an amulet of faith (around neck)
 j - a ring of magical power (left paw)
 k - a ring of poison resistance (right paw)
 o - an uncursed ring of protection from fire
 t - an uncursed ring of wizardry
 u - an uncursed ring of positive energy
 A - an uncursed ring of stealth
 D - a +3 ring of strength
 K - an uncursed ring of protection from magic
 N - a +3 ring of dexterity
Wands
 l - a wand of polymorph (41)
 m - a wand of enslavement (13)
 p - a wand of random effects (70)
 s - a wand of flame (57)
 v - a wand of digging (37)
 x - a wand of paralysis (7)
 E - a wand of iceblast (33)
Scrolls
 d - 8 scrolls of teleportation
 f - 18 scrolls of identify
 g - 14 scrolls of remove curse
 y - a scroll of amnesia
Potions
 c - 5 potions of berserk rage
 r - 2 potions of brilliance
 w - a potion of mutation {unknown}
 B - 3 potions of lignification
 C - 2 potions of haste
 G - 4 potions of curing
 I - a potion of resistance
 M - a potion of invisibility {unknown}
 P - 2 potions of might
Books
 a - a book of Frost

   Spells                             Type                      Level
   a - Freeze                         Ice                          1
   b - Throw Frost                    Conjuration/Ice              2
   c - Ozocubu's Armour               Charms/Ice                   3
   d - Throw Icicle                   Conjuration/Ice              4
   e - Summon Ice Beast               Ice/Summoning                4
 e - a book of Burglary

   Spells                             Type                      Level
   a - Swiftness                      Charms/Air                   2
   b - Passwall                       Transmutation/Earth          2
   c - Passage of Golubria            Translocation                4
   d - Lee's Rapid Deconstruction     Earth                        5
   e - Darkness                       Hexes                        6
   f - Invisibility                   Hexes                        6
 n - a book of Geomancy

   Spells                             Type                      Level
   a - Sandblast                      Earth                        1
   b - Passwall                       Transmutation/Earth          2
   c - Stone Arrow                    Conjuration/Earth            3
   d - Petrify                        Transmutation/Earth          4
   e - Lee's Rapid Deconstruction     Earth                        5
 q - a book of Air

   Spells                             Type                      Level
   a - Shock                          Conjuration/Air              1
   b - Swiftness                      Charms/Air                   2
   c - Static Discharge               Conjuration/Air              3
   d - Airstrike                      Air                          4
   e - Lightning Bolt                 Conjuration/Air              5
 z - Sif Muna's Reference Book on Flying Execration
   (Sif Muna gifted it to you on level 12 of the Dungeon)

   Spells                             Type                      Level
   a - Slow                           Hexes                        2
   b - Fulminant Prism                Conjuration/Hexes            4
   c - Deflect Missiles               Charms/Air                   6
 F - a book of Maledictions

   Spells                             Type                      Level
   a - Corona                         Hexes                        1
   b - Ensorcelled Hibernation        Hexes/Ice                    2
   c - Confuse                        Hexes                        3
   d - Tukima's Dance                 Hexes                        3
   e - Dazzling Spray                 Conjuration/Hexes            3
 H - a book of Cantrips

   Spells                             Type                      Level
   a - Confusing Touch                Hexes                        1
   b - Animate Skeleton               Necromancy                   1
   c - Summon Small Mammal            Summoning                    1
   d - Apportation                    Translocation                1
 J - a Young Poisoner's Handbook

   Spells                             Type                      Level
   a - Sting                          Conjuration/Poison           1
   b - Poisonous Vapours              Poison/Air                   2
   c - Mephitic Cloud                 Conjuration/Poison/Air       3
   d - Olgreb's Toxic Radiance        Poison                       4
   e - Venom Bolt                     Conjuration/Poison           5
 L - Sif Muna's Disquisition on Congealing Displacement
   (Sif Muna gifted it to you in a volcano)

   Spells                             Type                      Level
   a - Gell's Gravitas                Translocation                3
   b - Force Lance                    Conjuration/Translocation    4
   c - Ice Form                       Ice/Transmutation            4
   d - Ozocubu's Refrigeration        Ice                          6
   e - Dispersal                      Translocation                6
   f - Malign Gateway                 Summoning/Translocation      7
   g - Disjunction                    Translocation                8
   h - Glaciate                       Conjuration/Ice              9
 O - a book of Beasts

   Spells                             Type                      Level
   a - Summon Butterflies             Summoning                    1
   b - Call Canine Familiar           Summoning                    3
   c - Summon Ice Beast               Ice/Summoning                4
   d - Summon Mana Viper              Hexes/Summoning              5
   e - Summon Hydra                   Summoning                    7
 R - a book of Spatial Translocations

   Spells                             Type                      Level
   a - Blink                          Translocation                2
   b - Shroud of Golubria             Charms/Translocation         2
   c - Lesser Beckoning               Translocation                3
   d - Gell's Gravitas                Translocation                3
   e - Teleport Other                 Translocation                3
   f - Passage of Golubria            Translocation                4
Miscellaneous
 i - a phial of floods
Comestibles
 b - 38 rations
 Q - a chunk of flesh


   Skills:
 + Level 1.5 Fighting
 + Level 7.6 Dodging
 + Level 7.2 Stealth
 + Level 4.6 Unarmed Combat
 + Level 11.4 Spellcasting
 + Level 3.7 Conjurations
 * Level 5.9 Hexes
 * Level 7.8 Charms
 + Level 5.4 Summonings
 + Level 3.3 Translocations
 + Level 10.6 Ice Magic
 * Level 5.0 Air Magic
 + Level 1.6 Evocations


You couldn't memorise any spells.
You knew the following spells:

 Your Spells              Type           Power        Failure   Level  Hunger
a - Freeze                Ice            ####         1%          1    None
b - Throw Frost           Conj/Ice       #####.       1%          2    None
c - Ozocubu's Armour      Chrm/Ice       #####...     1%          3    None
d - Summon Mana Viper     Hex/Summ       ####....     16%         5    ####...
f - Summon Ice Beast      Ice/Summ       #####...     2%          4    ##.....
g - Deflect Missiles      Chrm/Air       #####.....   54%         6    ######.
h - Ensorcelled Hibernat  Hex/Ice        #####.       1%          2    None
i - Confuse               Hex            #####...     1%          3    None
j - Airstrike             Air            ####......   8%          4    ##.....
k - Blink                 Tloc           N/A          2%          2    None


Dungeon Overview and Level Annotations

Branches:
Dungeon (12/15)            Temple (1/1) D:6            Lair (6/6) D:11
  Swamp (0/4) Lair:2        Snake (0/4) Lair:4          Orc (0/2) D:12
  Slime: Lair:5-6

Altars:
Ashenzari
Cheibriados
Dithmenos
Elyvilon
Fedhas
Gozag
Hepliaklqana
Kikubaaqudgha
Makhleb
Nemelex Xobeh
Okawaru
Qazlal
Ru
Sif Muna
Trog
Uskayaw
Vehumet
Wu Jian
Xom
Yredelemnul
Zin
The Shining One

Shops:
D:5 (   D:7 =   D:9 ?

Annotations:
Lair:3 Fannar


Innate Abilities, Weirdness & Mutations

You cannot wear armour.
You are incapable of wielding weapons or throwing items.
Your paws allow you to move quietly. (Stealth)
You have sharp claws.
You have razor-sharp teeth.
You have supernaturally acute eyesight. (SInv)
You are carnivorous and can eat meat at any time.
You cover ground quickly.
Your thick and shaggy fur keeps you warm. (AC +3, rC+)
You have a slow metabolism.
Your sharp claws are effective at attacking unaware monsters.


Message History

Your ice beast barely misses the yak.
The yak gores your ice beast.
Your ice beast hits the yak but does no damage.
The yak gores your ice beast.
Your ice beast hits the yak.
Your ice beast freezes the yak!
The yak closely misses your ice beast.
Your ice beast barely misses the yak.
The yak closely misses your ice beast.
You swap places.
Your ice beast hits the yak.
Your ice beast freezes the yak!!
The yak dies!
Sif Muna accepts your kill.
Your icy armour evaporates.
You swap places.
You swap places.
Things that are here:
a yak corpse x3
Butcher a yak corpse? [(y)es/(c)hoosy/(n)o/(a)ll/(e)dible/(q)uit/?]
You butcher the yak corpse.
The cyclops throws a large rock.
You stop butchering the corpses.
The large rock hits you!!!
You stop butchering the corpse.
Ouch! That really hurt!
You die...

........#####....#..
..#.....?..##.......
#...................
####.#.#...........
###.#####.......#. #
###.....###....##..>
#.####..##.##..##.####...
#...#.####+####.#.# ###..
##.....†@YS.......###...†
#..C.######+######.....†.†
....##.. ..............
.?... ### ####.#.......#
.Y.Y ..##.......# .Y.
..###......... ... #
#...>..#... #.......#...
#...........


You could see a cyclops, a friendly mana viper and a friendly ice beast.

Vanquished Creatures
  Nessos (Lair:4)
  Nergalle (D:11)
  A wolf spider (Lair:2)
  A manticore (D:12)
  An ugly thing (D:11)
  3 elephants
  A black mamba (Lair:5)
  2 spiny frogs
  2 komodo dragons
  2 red devils (Volcano)
  A polar bear (Lair:4)
  The ghost of 2BAD the Cudgeler, an amateur DsFi (D:5)
  Prince Ribbit (D:6)
  3 blink frogs (Lair:4)
  3 hippogriffs
  A vampire (D:10)
  3 redbacks
  10 yaks
  A wyvern (D:10)
  2 hogs (D:7)
  3 fire bats (Lair:3)
  A human (D:7)
  2 hungry ghosts
  3 vampire mosquitoes
  2 water moccasins
  4 porcupines
  5 sky beasts
  Purgy (Sewer)
  A black bear (D:9)
  4 orc warriors
  An ice beast (D:7)
  A slave (D:7)
  6 centaurs
  7 ogres
  4 crocodiles
  10 bullfrogs
  A big kobold (D:12)
  A scorpion (D:6)
  3 killer bees (D:7)
  2 wights
  2 electric eels (Lair:5)
  A centaur zombie (D:8)
  A bullfrog zombie (D:12)
  6 crimson imps
  2 quasits
  2 bullfrog skeletons
  6 hounds
  2 jellies
  6 orc priests
  3 orc wizards
  A centaur skeleton (D:7)
  Crazy Yiuf (D:6)
  Terence (D:3)
  3 iguanas
  8 worker ants
  The ghost of dscm the Insei, a weakling OpMo (D:3)
  2 hound skeletons
  8 gnolls
  18 adders
  2 shadow imps
  3 oozes
  An adder zombie (D:6)
  5 worms
  A dart slug (D:1)
  2 leopard geckos
  28 orcs
  A ball python (D:4)
  13 bats
  5 giant cockroaches
  13 goblins
  10 hobgoblins
  12 jackals
  5 quokkas
  A ball python skeleton (D:4)
  7 frilled lizards
  17 kobolds
  A leopard gecko skeleton (D:5)
  A quokka skeleton (D:5)
  A quokka zombie (D:7)
  10 rats
316 creatures vanquished.

Vanquished Creatures (collateral kills)
  Gastronok (Lair:2)
  3 hydras
  2 two-headed ogres
  The ghost of Ethylacetat the Spear-Bearer, a novice NaWr of Cheibriados (D:8)
  4 skeletal warriors
  Pikel (D:7)
  5 elephants
  A black mamba (Lair:2)
  11 spiny frogs
  5 komodo dragons
  2 trolls
  4 blink frogs
  4 hippogriffs
  A shadow (D:11)
  A vampire (D:12)
  2 redbacks (D:12)
  A wraith (D:10)
  A tarantella (D:12)
  A hog (D:7)
  23 yaks
  2 basilisks
  A hungry ghost (D:8)
  2 vampire mosquitoes (Lair:2)
  Duvessa (D:7)
  4 water moccasins
  3 porcupines
  5 orc warriors (Bailey)
  A slave (D:7)
  An ice beast (D:11)
  2 black bears
  A phantom (D:8)
  An eye of draining (D:10)
  2 ogres (D:12)
  A necrophage (D:9)
  3 crocodiles
  A big kobold (D:11)
  4 bullfrogs (Lair:6)
  A wyvern skeleton (D:12)
  4 wights
  2 orc wizards (D:12)
  A bullfrog skeleton (D:12)
  An iguana (D:11)
  6 adders
  13 orcs
  2 kobolds (D:12)
  A fungus (Lair:4)
140 creatures vanquished.

Vanquished Creatures (others)
  A slave (D:7)
  Dowan (D:7)
  A hound skeleton (D:7)
  2 bushes (Lair:5)
  15 fungi
  39 plants
59 creatures vanquished.

Grand Total: 515 creatures vanquished

Notes
Turn   | Place    | Note
-------+----------+-------------------------------------------
     0 | D:1      | dvd the Felid Ice Elementalist began the quest for the Orb.
     0 | D:1      | Reached XP level 1. HP: 7/7 MP: 4/4
   333 | D:1      | Reached XP level 2. HP: 5/11 MP: 0/6
   555 | D:1      | Learned a level 2 spell: Throw Frost
  1122 | D:1      | Reached XP level 3. HP: 14/14 MP: 4/7
  1424 | D:2      | Found a stormy altar of Qazlal.
  1456 | D:2      | Noticed Terence
  1843 | D:2      | Reached XP level 4. HP: 16/18 MP: 1/9
  2078 | D:2      | Learned a level 3 spell: Ozocubu's Armour
  2580 | D:3      | Noticed dscm's ghost (weakling OpMo)
  2610 | D:3      | Killed dscm's ghost
  2610 | D:3      | Reached skill level 3 in Spellcasting
  3281 | D:3      | Reached XP level 5. HP: 21/21 MP: 3/10
  3361 | D:3      | Reached skill level 1 in Conjurations
  3941 | D:4      | Found a glowing drain.
  3998 | Sewer    | Entered a sewer
  4181 | Sewer    | Noticed Purgy
  4236 | Sewer    | Killed Purgy
  4236 | Sewer    | Reached skill level 1 in Unarmed Combat
  4236 | Sewer    | Gained mutation: You are covered in thick fur. (AC +2) [Felid growth]
  4236 | Sewer    | Reached XP level 6. HP: 13/24 MP: 12/12
  4448 | D:4      | Reached skill level 1 in Charms
  5023 | D:4      | Reached skill level 4 in Spellcasting
  5154 | D:4      | Noticed a sky beast
  5335 | D:4      | Reached XP level 7. HP: 26/28 MP: 5/14
  5502 | D:5      | Entered Level 5 of the Dungeon
  5561 | D:5      | Reached skill level 5 in Stealth
  5561 | D:5      | Reached skill level 5 in Ice Magic
  5819 | D:5      | Noticed 2BAD's ghost (amateur DsFi)
  6135 | D:5      | Reached skill level 5 in Spellcasting
  6814 | D:4      | Reached XP level 8. HP: 15/31 MP: 4/17
  7297 | D:5      | Learned a level 1 spell: Shock
  7408 | D:5      | Killed 2BAD's ghost
  7408 | D:5      | Reached skill level 6 in Spellcasting
  7665 | D:5      | Found Kyfilept's Antique Weapon Emporium.
  7876 | D:3      | Killed Terence
  8123 | D:6      | Found a staircase to the Ecumenical Temple.
  8131 | Temple   | Entered the Ecumenical Temple
  8315 | Temple   | Became a worshipper of Sif Muna the Loreminder
  8597 | D:6      | Found a hide-covered altar of Uskayaw.
  8600 | D:6      | Noticed a hand axe
  8600 | D:6      | Noticed a hand axe
  8712 | D:6      | Learned a level 4 spell: Throw Icicle
  8803 | D:6      | Reached skill level 1 in Air Magic
  9176 | D:6      | Found a runed door.
  9201 | D:6      | Noticed Crazy Yiuf
  9213 | D:6      | Killed Crazy Yiuf
  9769 | D:6      | Reached * piety under Sif Muna
  9769 | D:6      | Reached skill level 7 in Spellcasting
  9769 | D:6      | Reached XP level 9. HP: 34/34 MP: 8/20
 10022 | D:7      | Noticed Prince Ribbit
 10024 | D:7      | Found Dejac's Jewellery Shop.
 10112 | D:6      | Killed Prince Ribbit
 10112 | D:6      | Reached skill level 1 in Fighting
 10340 | D:7      | Bought an uncursed ring of magical power for 220 gold pieces
 10597 | D:6      | Learned a level 4 spell: Summon Ice Beast
 10669 | D:7      | Noticed Dowan
 10670 | D:7      | Noticed Duvessa
 10685 | D:7      | Reached skill level 5 in Dodging
 11001 | D:7      | Reached ** piety under Sif Muna
 11175 | D:7      | Reached skill level 8 in Spellcasting
 11175 | D:7      | Reached skill level 1 in Summonings
 11221 | D:7      | Slain by a hog
 11222 | D:7      | Reached XP level 8. HP: -3/32 MP: 10/30
 11394 | D:7      | Found a shattered altar of Ashenzari.
 11571 | D:7      | Noticed Pikel
 11635 | D:7      | Reached XP level 9. HP: 31/35 MP: 15/22
 11644 | D:7      | Killed Pikel
 11644 | D:7      | Reached skill level 1 in Evocations
 11767 | D:7      | Killed Duvessa
 11776 | D:7      | Killed Dowan
 12044 | D:7      | Found a glowing silver altar of Zin.
 12123 | D:7      | Reached *** piety under Sif Muna
 12387 | D:8      | Found a flagged portal.
 12418 | Bailey   | Entered a bailey
 13548 | Bailey   | Noticed an orc knight
 14141 | D:8      | Noticed Ethylacetat's ghost (novice NaWr)
 15331 | D:8      | Killed Ethylacetat's ghost
 15584 | D:9      | Found a white marble altar of Elyvilon.
 15755 | D:9      | Reached skill level 9 in Spellcasting
 15755 | D:9      | Reached XP level 10. HP: 39/39 MP: 24/24
 15919 | D:9      | Found Hograwodgh's Magic Scroll Boutique.
 16072 | D:9      | Found a snail-covered altar of Cheibriados.
 16149 | D:9      | Found a radiant altar of Vehumet.
 16441 | D:10     | Entered Level 10 of the Dungeon
 16511 | D:10     | Reached **** piety under Sif Muna
 17711 | D:11     | Noticed a two-headed ogre
 17721 | D:11     | Killed a two-headed ogre
 17881 | D:11     | Noticed Nergalle
 17887 | D:11     | Killed Nergalle
 18157 | D:11     | Found a staircase to the Lair.
 18169 | D:11     | Noticed a rust devil
 18172 | D:11     | Noticed an orange demon
 18447 | D:11     | Reached ***** piety under Sif Muna
 18656 | D:11     | Noticed a green ugly thing
 18940 | D:11     | Killed a green ugly thing
 19189 | D:12     | Identified Sif Muna's Reference Book on Flying Execration (Sif Muna gifted it to you on level 12 of the Dungeon)
 19189 | D:12     | Received a gift from Sif Muna
 19191 | D:12     | Reached XP level 11. HP: 42/42 MP: 25/25
 19277 | D:12     | Noticed a skeletal warrior
 19301 | D:12     | Noticed a skeletal warrior
 19332 | D:11     | Reached skill level 10 in Spellcasting
 19440 | Lair:1   | Entered Level 1 of the Lair of Beasts
 20337 | Lair:1   | Noticed a six-headed hydra
 20343 | Lair:1   | Killed a six-headed hydra
 20668 | Lair:1   | Learned a level 6 spell: Deflect Missiles
 21239 | Lair:2   | Found a staircase to the Swamp.
 21276 | Lair:2   | Noticed a wolf spider
 21285 | Lair:2   | Killed a wolf spider
 22065 | Lair:2   | Noticed Gastronok
 22102 | Lair:2   | Learned a level 2 spell: Ensorcelled Hibernation
 22106 | Lair:2   | Learned a level 3 spell: Confuse
 22320 | Lair:3   | Reached skill level 5 in Charms
 22390 | Lair:3   | Reached skill level 10 in Ice Magic
 22534 | Lair:3   | Noticed Fannar
 22648 | Lair:3   | Found a dark tunnel.
 22659 | Volcano  | Entered a volcano
 22768 | Volcano  | Noticed a sun demon
 22769 | Volcano  | Identified Sif Muna's Disquisition on Congealing Displacement (Sif Muna gifted it to you in a volcano)
 22769 | Volcano  | Received a gift from Sif Muna
 22790 | Volcano  | HP: 2/42 [sun demon (14)]
 22790 | Volcano  | Slain by a sun demon
 22791 | Volcano  | Reached XP level 10. HP: -5/39 MP: 21/34
 22821 | Lair:3   | Noticed a seven-headed hydra
 22827 | Lair:3   | Killed a seven-headed hydra
 22930 | Lair:3   | Reached XP level 11. HP: 42/42 MP: 14/26
 23640 | Lair:2   | Killed Gastronok
 24391 | Lair:4   | Noticed Nessos
 24936 | Lair:4   | Found a staircase to the Snake Pit.
 25141 | Lair:4   | Reached skill level 5 in Summonings
 25323 | Lair:4   | Killed Nessos
 25829 | Lair:5   | Learned a level 4 spell: Airstrike
 26087 | Lair:5   | Noticed a seven-headed hydra
 26406 | Lair:5   | Killed a seven-headed hydra
 27324 | Lair:5   | Received a gift from Sif Muna
 27324 | Lair:5   | Reached skill level 11 in Spellcasting
 27345 | Lair:5   | Learned a level 2 spell: Blink
 27532 | Lair:6   | Entered Level 6 of the Lair of Beasts
 27888 | Lair:6   | Reached skill level 1 in Translocations
 28217 | Lair:6   | Noticed a five-headed hydra
 28637 | D:12     | Noticed a skeletal warrior
 28759 | D:12     | Gained mutation: Your thick and shaggy fur keeps you warm. (AC +3, rC+) [Felid growth]
 28759 | D:12     | Reached XP level 12. HP: 43/46 MP: 13/28
 28771 | D:12     | Noticed a two-headed ogre
 28777 | D:12     | Killed a two-headed ogre
 29241 | D:11     | Slain by a skeletal warrior
 29242 | D:11     | Reached XP level 11. HP: -2/42 MP: 32/36
 29400 | D:10     | Learned a level 5 spell: Summon Mana Viper
 29443 | D:11     | Killed a skeletal warrior
 29451 | D:11     | Killed a skeletal warrior
 29649 | D:11     | Reached skill level 5 in Hexes
 29827 | D:12     | Found a staircase to the Orcish Mines.
 29991 | D:12     | Killed a skeletal warrior
 30135 | D:12     | Noticed a cyan ugly thing
 30348 | D:12     | Killed a skeletal warrior
 30377 | D:12     | Reached skill level 5 in Air Magic
 30535 | D:12     | Received a gift from Sif Muna
 30679 | D:12     | Hit by a large rock thrown by a cyclops

Skill      XL: |  1  2  3  4  5  6  7  8  9 10 11 |
---------------+----------------------------------+-----
Ice Magic      | 3 4 5 6 8 9 10 | 10.6
Stealth        | 3 4 5 6 7 |  7.2
Dodging        | 3 4 5 7 |  7.6
Spellcasting   | 3 4 5 7 9 11 | 11.4
Conjurations   | 1 2 3 |  3.7
Unarmed Combat | 1 2 3 4 |  4.6
Charms         | 1 2 7 |  7.8
Air Magic      | 1 2 5 |  5.0
Fighting       | 1 |  1.5
Summonings     | 3 4 5 |  5.4
Evocations     | 1 |  1.6
Hexes          | 5 |  5.9
Translocations | 3 |  3.3

Action                   |  1- 3 |  4- 6 |  7- 9 | 10-12 || total
-------------------------+-------+-------+-------+-------++-------
Melee: Unarmed           |    18 |   106 |   117 |   213 ||   454
       Bite              |     1 |    12 |    11 |    22 ||    46
       Punch             |       |       |       |     3 ||     3
 Cast: Freeze            |    49 |    65 |   199 |   118 ||   431
       Throw Frost       |     8 |    39 |    90 |    70 ||   207
       Ozocubu's Armour  |       |    10 |    31 |    49 ||    90
       Shock             |       |       |    91 |    22 ||   113
       Summon Ice Beast  |       |       |    56 |   216 ||   272
       Throw Icicle      |       |       |    17 |    30 ||    47
       Ensorcelled Hiber |       |       |       |    28 ||    28
       Airstrike         |       |       |       |    19 ||    19
       Confuse           |       |       |       |    16 ||    16
       Summon Mana Viper |       |       |       |     9 ||     9
       Blink             |       |       |       |     7 ||     7
       Deflect Missiles  |       |       |       |     2 ||     2
Invok: Divine Energy     |       |       |       |     2 ||     2
       Stop Divine Energ |       |       |       |     2 ||     2
Evoke: Wand              |       |     6 |    15 |     8 ||    29
  Use: Scroll            |       |     5 |    12 |    18 ||    35
       Potion            |       |       |     6 |    12 ||    18
 Stab: Sleeping          |     7 |    13 |    13 |    32 ||    65
       Confused          |       |     1 |       |     1 ||     2
       Distracted        |       |       |       |     3 ||     3
  Eat: Chunk             |    10 |     9 |    41 |    55 ||   115
       Ration            |       |       |     2 |       ||     2
Armor: Skin              |     2 |    18 |    48 |    45 ||   113
Dodge: Dodged            |    51 |   116 |   278 |   410 ||   855
       Deflected         |       |       |       |     6 ||     6
